 Dungeon Crawl Stone Soup version 0.13.0-13-g27bfa31 (webtiles) character file.

115 Lilouch the Covered (level 4, -1/28 HPs)
             Began as a Gargoyle Fighter on Oct 19, 2013.
             Killed from afar by an orc wizard (2 damage)
             ... with a magic dart
             ... on Level 3 of the Dungeon.
             The game lasted 00:04:23 (1591 turns).

Lilouch the Covered (Gargoyle Fighter)              Turns: 1591, Time: 00:04:23

HP  -1/28        AC 12     Str 20      XL: 4   Next: 16%
MP   3/3         EV  6     Int  9      God:
Gold 48          SH 18     Dex  9      Spells:  0 memorised,  3 levels left

Res.Fire  : . . .   See Invis. : .   l - +0 mace
Res.Cold  : . . .   Warding    : .   b - +0 scale mail
Life Prot.: + . .   Conserve   : .   c - +0 shield
Res.Poison: +       Res.Corr.  : .   (no helmet)
Res.Elec. : +       Clarity    : .   (no cloak)
Sust.Abil.: . .     Spirit.Shd : .   g - +1 pair of dwarf gauntlets
Res.Mut.  : .       Stasis     : .   (no boots)
Res.Rott. : +       Flight     : .   (no amulet)
Saprovore : . . .                    (no ring)
                                     (no ring)

@: slightly resistant to hostile enchantments, extremely unstealthy
A: fangs 1, talons 2, life protection 1, electricity resistance, slow metabolism
1, unbreathing, petrification resistance, AC +3
a: no special abilities


You were on level 3 of the Dungeon.
You were not hungry.

You visited 1 branch of the dungeon, and saw 3 of its levels.

You collected 28 gold pieces.

Inventory:

Hand weapons
 l - a +0,+0 mace (weapon)
Missiles
 o - 15 stones (quivered)
Armour
 b - a +0 scale mail (worn)
 c - a +0 shield (worn)
 g - a +1 pair of dwarven gauntlets (worn)
 n - a +0 cloak
Comestibles
 d - 3 bread rations
 m - a pear
 q - a meat ration
 u - 9 grapes
 v - a rotting chunk of adder flesh
 x - a chunk of hobgoblin flesh
Scrolls
 a - 2 scrolls of random uselessness {unknown}
 e - 2 scrolls of remove curse {unknown}
 f - a scroll of curse weapon {unknown}
 h - 3 scrolls of identify {unknown}
 i - a scroll of enchant weapon II {unknown}
 j - a scroll of enchant armour {unknown}
 k - a scroll of teleportation {unknown}
 t - a scroll of enchant weapon I {unknown}
 w - a scroll of amnesia {unknown}
Jewellery
 p - an uncursed ring of positive energy {unknown}
Potions
 r - 3 potions of heal wounds {unknown}
 s - 3 potions of curing {unknown}
 z - a potion of invisibility {unknown}


   Skills:
 - Level 3.2 Fighting
 * Level 3.4 Maces & Flails
 + Level 4.0 Armour
 + Level 4.0 Shields


You had 3 spell levels left.
You didn't know any spells.

Dungeon Overview and Level Annotations

Branches:
Dungeon (3/27)

Altars:

Annotations:
D:3 germz's ghost, weakling DrTm


Innate Abilities, Weirdness & Mutations

You are resistant to torment.
You are immune to poison.
Your stone body is very resilient (AC +3).
You have very sharp teeth.
You have razor-sharp toenails.
You resist negative energy.
You are resistant to electric shocks.
You have a slow metabolism.
You can survive without breathing.
You are immune to petrification.


Message History

The orc wizard hits you but does no damage.
You block the orc's attack. The orc wizard casts a spell at you.
The magic dart hits you!
The orc wizard hits you with an orcish dagger.
You block the orc's attack.
The orc wizard hits you but does no damage.
The orc wizard casts a spell at you. The puff of flame hits you!
The orc wizard mumbles some strange words.
You feel troubled. The orc wizard casts a spell at you.
The puff of flame hits you!
* * * LOW HITPOINT WARNING * * *
The orc wizard casts a spell at you. The puff of flame hits you!
* * * LOW HITPOINT WARNING * * *
The orc wizard gestures at you while chanting.
The magic dart hits you!
You die...

#....#.# . ###...#
# #...#.# #.....#
#.....# ###...#
#...#########.#
####.#oo.........#
........oo..@....#
.####.#p####..>.#
#...s# ##..#
....... .#
.##....# # #....#
....# .##


You could see 2 orc wizards, germz's ghost and 2 orcs.

Vanquished Creatures
  3 adders (D:2)
  6 bats
  4 goblins
  7 hobgoblins
  2 jackals (D:1)
  3 kobolds (D:2)
  A quokka (D:2)
  A ball python (D:2)
  4 giant cockroaches
  4 giant newts
  5 rats
40 creatures vanquished.

Notes
Turn   | Place    | Note
--------------------------------------------------------------
     0 | D:1      | Lilouch, the Gargoyle Fighter, began the quest for the Orb.
     0 | D:1      | Reached XP level 1. HP: 14/14 MP: 0/0
   124 | D:1      | Reached XP level 2. HP: 17/19 MP: 1/1
   798 | D:2      | Reached XP level 3. HP: 24/24 MP: 2/2
  1190 | D:2      | Reached skill level 4 in Armour
  1210 | D:2      | Reached XP level 4. HP: 25/28 MP: 3/3
  1580 | D:3      | Noticed germz's ghost (weakling DrTm)
  1591 | D:3      | HP: 1/28 [orc wizard/puff of flame (7)]
  1591 | D:3      | Killed from afar by an orc wizard

Action                   |  1- 3 |  4- 6 || total
-------------------------+-------+-------++-------
Melee: Mace              |    90 |    17 ||   107
